 Dungeon Crawl Stone Soup version 0.20-a0-939-g04f5055 (webtiles) character file.

53 Leszczynek the Skirmisher (level 3, -1/22 HPs)
             Began as a Tengu Wanderer on Mar 30, 2017.
             Slain by a gnoll (8 damage)
             ... on level 1 of the Dungeon.
             The game lasted 00:09:06 (2373 turns).

Leszczynek the Skirmisher (Tengu Wanderer)          Turns: 2373, Time: 00:09:07

Health: -1/22      AC:  5    Str: 13    XL:     3   Next: 89%
Magic:  5/5        EV: 12    Int: 11    God:
Gold:   84         SH:  4    Dex: 14    Spells: 4/4 levels left

rFire    . . .     SeeInvis .   k - +0 short sword
rCold    . . .     Gourm    .   c - +0 buckler
rNeg     . . .     Faith    .   a - +2 leather armour
rPois    .         Spirit   .   (helmet restricted)
rElec    .         Reflect  .   (no cloak)
rCorr    .         Harm     .   (no gloves)
MR       .....                  (boots unavailable)
Stlth    +.........             (no amulet)
Regen    0.1/turn               (no ring)
MPRegen  0.1/turn               (no ring)

@: no status effects
A: beak, talons 3
a: no special abilities


You were on level 1 of the Dungeon.
You were hungry.

You visited 1 branch of the dungeon, and saw 3 of its levels.

You collected 84 gold pieces.

Inventory:

Hand Weapons
 f - a +0 mace
 k - a +0 short sword (weapon)
Missiles
 l - 56 stones (quivered)
Armour
 a - a +2 leather armour (worn)
 c - a +0 buckler (worn)
Scrolls
 g - a scroll of enchant weapon {unknown}
 h - a scroll of enchant armour {unknown}
 i - 2 scrolls of remove curse {unknown}
 j - 2 scrolls of teleportation
 n - a scroll of identify {unknown}
Potions
 b - a potion of curing {@q1}
 e - a potion of magic
Comestibles
 d - 2 bread rations
 o - 2 chunks of flesh


   Skills:
 - Level 2.6 Fighting
 * Level 1.0 Maces & Flails
 - Level 2.1 Dodging
 + Level 2.2 Shields
 - Level 2.1 Unarmed Combat
 - Level 1.0 Spellcasting
   Level 1.1 Necromancy
   Level 1.1 Fire Magic
   Level 1.0 Evocations


You had 4 spell levels left.
You didn't know any spells.

Dungeon Overview and Level Annotations

Branches:
Dungeon (3/15)

Altars:

Annotations:
D:2 !, Sigmund
D:3 Robin


Innate Abilities, Weirdness & Mutations

You have a beak for a mouth.
You have claws for feet.


Message History

The gnoll misses you.
You hit the gnoll but do no damage. You claw the gnoll.
The gnoll is severely wounded.
The gnoll hits you but does no damage.
You completely miss the gnoll.
The gnoll is severely wounded.
The gnoll hits you.
You closely miss the gnoll. Your kick misses the gnoll.
The gnoll is severely wounded.
The gnoll hits you.
You hit the gnoll. You claw the gnoll.
The gnoll is almost dead.
The gnoll hits you.
You barely miss the gnoll.
The gnoll is almost dead.
The gnoll hits you.
You barely miss the gnoll. You claw the gnoll.
The gnoll is almost dead.
The gnoll misses you. The gnoll hits you!
You die...

..###..###########
⌠.# ##.#.........#
..####.#########.#
.###...# #.#
.###.⌠.# #.#
.......# #.#
...##.## #.#
.......# #†#
.###.⌠.# #@#
.###...# #g#
..####.#########.##
⌠.# ##.##.........#
..###..##......#.##
.##...##......)###
....#####......#
#########......# #
#.........#


You could see a gnoll.

Vanquished Creatures
  A gnoll (D:2)
  An adder (D:2)
  A worm (D:1)
  A dart slug (D:2)
  A leopard gecko (D:2)
  A bat (D:1)
  2 giant cockroaches
  7 goblins
  5 hobgoblins
  3 frilled lizards
  A kobold (D:1)
  3 rats (D:1)
27 creatures vanquished.

Notes
Turn   | Place    | Note
-------+----------+-------------------------------------------
     0 | D:1      | Leszczynek the Tengu Wanderer began the quest for the Orb.
     0 | D:1      | Leszczynek set off with: a +2 leather armour, a potion of curing {@q1}, a +0 buckler, a bread ration, a +0 dagger
     0 | D:1      | Reached XP level 1. HP: 12/12 MP: 3/3
     0 | D:1      | 12/11/14 (4/3/5)
   376 | D:1      | Reached XP level 2. HP: 13/16 MP: 4/4
  1347 | D:1      | Reached skill level 2 in Fighting
  1544 | D:2      | Noticed Sigmund
  1545 | D:2      | uh huh
  1659 | D:3      | Noticed Robin
  1683 | D:2      | Reached skill level 2 in Shields
  1683 | D:2      | Reached XP level 3. HP: 20/22 MP: 5/5
  1933 | D:2      | lags started again, fuck it for now
  2286 | D:1      | Reached skill level 1 in Maces & Flails
  2373 | D:1      | Slain by a gnoll

Vault maps used:
D:1:      dpeg_arrival_chambers_temple_mockup
D:2:      minmay_door_square, minivault_11, minmay_tetromino_l4, uniq_sigmund
D:3:      nicolae_gozag_cash_rules_everything_around_me,
          evilmike_ruin_ashenzari, uniq_robin

Skill      XL: |  1  2  3 |
---------------+----------+-----
Fighting       | 2 |  2.6
Shields        | 2 |  2.2
Maces & Flails | 1 |  1.0
Dodging        | |  2.1
Unarmed Combat | |  2.1
Spellcasting   | |  1.0
Necromancy     | |  1.1
Fire Magic     | |  1.1
Evocations     | |  1.0

Action                   || total
-------------------------++-------
Melee: Unarmed           ||    42
       Kick              ||    30
       Peck              ||    10
       Short sword       ||    65
Throw: Stone             ||     9
  Use: Potion            ||     2
       Scroll            ||     1
 Stab: Sleeping          ||     1
  Eat: Chunk             ||     4
Armor: Leather armour    ||    16
Dodge: Dodged            ||    63
Block: Buckler           ||    23
